Map: Ulrena

Players

LilDicky - Winner!

  • Race: Terran Terran
  • League: Diamond

Osiris

  • Race: Terran Terran
  • League: Diamond

VOD

http://www.twitch.tv/tumescentpie

Description

Time

  • Played on: Dec. 31, 2015, 4:26 p.m.
  • Length: 4:52
Show
View Real Time Build Order
Export as new Build Order

LilDicky Terran - Winner!

Build Orders: Liberator Opening 

Get SALT Encoding   

  12  0:01  SCV  
  13  0:13  SCV  
  14  0:18  Supply Depot  
  14  0:25  SCV  
  15  0:39  SCV  
  15  0:41  Refinery  
  16  0:46  Barracks  
  16  0:51  SCV  
  17  1:05  SCV  
  19  1:18  SCV  
  19  1:35  SCV  
  20  1:41  Marine  
  20  1:42  Supply Depot  
  21  1:50  Orbital Command  
  21  1:52  Refinery  
  21  1:53  Factory  
  21  1:58  Marine  
  21  2:01  Supply Depot  
  22  2:16  Marine  
  23  2:23  SCV  
  24  2:34  Marine  
  25  2:37  Factory Tech Lab, Starport  
  25  2:38  SCV  
  25  2:42  Supply Depot  
  26  2:52  Marine  
  26  2:55  SCV  
  26  2:56  Siege Tank  
  26  2:57  Liberator  
  31  3:08  Supply Depot, SCV  
  31  3:10  Marine  
  36  3:20  Supply Depot  
  36  3:24  Engineering Bay  
  36  3:27  Marine  
  37  3:38  Siege Tank  
  37  3:39  SCV  
  41  3:46  Marine  
  42  3:57  Viking  
  44  4:06  Marine  
  44  4:09  SCV  
  46  4:13  Missile Turret  
  46  4:21  SCV  
  46  4:23  Missile Turret  
  47  4:25  Marine  
  47  4:26  Supply Depot  
Show
View Real Time Build Order
Export as new Build Order

Osiris Terran 

Build Orders: Reaper Expand 

Get SALT Encoding   

  12  0:00  SCV  
  13  0:12  SCV  
  14  0:17  Supply Depot  
  14  0:25  SCV  
  15  0:39  SCV  
  15  0:40  Barracks  
  16  0:45  Refinery  
  16  0:51  SCV  
  17  1:03  SCV  
  18  1:15  SCV  
  19  1:38  Orbital Command  
  19  1:39  Reaper  
  20  1:46  Command Center  
  19  1:54  Supply Depot  
  19  2:06  Factory  
  19  2:15  Marine  
  20  2:20  SCV  
  21  2:23  Refinery  
  21  2:32  SCV, Marine  
  23  2:44  SCV  
  23  2:52  Factory Tech Lab  
  23  2:53  Starport  
  23  2:54  Marine  
  23  2:56  SCV  
  25  2:59  Orbital Command  
  25  3:08  SCV  
  25  3:12  Bunker  
  26  3:14  Marine  
  27  3:22  SCV  
  27  3:25  SCV  
  29  3:37  Banshee  
  32  3:41  Marine  
  32  3:42  Factory Tech Lab  
  32  3:46  Refinery  
  33  3:49  SCV  
  33  3:50  SCV  
  35  3:59  Marine  
  35  4:00  Siege Tank  
  35  4:01  SCV  
  40  4:06  SCV  
  41  4:14  Command Center  
  41  4:16  SCV  
  42  4:18  Marine  
  43  4:27  SCV  
Tags
 
Add a new tag
Caveats
  • Supply blocks, unpowered buildings, or Contaminate may cause inaccurate times.
  • Supply counts are checked every 10 seconds.